 Dungeon Crawl Stone Soup version 0.17.0-23-g0de4337 (webtiles) character file.

388 root the Firebug (level 6, -6/45 HPs)
             Began as a Draconian Fire Elementalist on Nov 14, 2015.
             Was an Initiate of Okawaru.
             Mangled by Prince Ribbit (15 damage)
             ... on level 4 of the Dungeon.
             The game lasted 00:31:15 (5149 turns).

root the Firebug (Draconian Fire Elementalist)      Turns: 5149, Time: 00:31:15

Health: -6/45      AC: 14    Str: 12    XL:     6   Next: 49%
Magic:  11/11      EV: 17    Int: 17    God:    Okawaru [......]
Gold:   160        SH:  0    Dex: 14    Spells: 2 memorised, 8 levels left

rFire  . . .     SeeInvis +     c - +0 mace
rCold  . . .     Clarity  .     (armour unavailable)
rNeg   . . .     SustAt   .     (no shield)
rPois  .         Gourm    .     (helmet restricted)
rElec  .         Spirit   .     v - +1 cloak
rCorr  .         Warding  .     g - +0 pair of gloves
rMut   .         Stasis   .     (no boots)
MR     .....                    (no amulet)
Stlth  ++........               E - +5 ring of protection
                                s - +4 ring of evasion

@: not resistant to hostile enchantments, unstealthy
A: unfitting armour, antennae 1, see invisible, agile 1, deterioration 1, strong
1, cold-blooded, MP-powered wands, AC +6
a: Renounce Religion


You were on level 4 of the Dungeon.
You worshipped Okawaru.
Okawaru was noncommittal.
You were not hungry.

You visited 1 branch of the dungeon, and saw 5 of its levels.

You collected 160 gold pieces.

Inventory:

Hand Weapons
 c - a +0 mace (weapon)
 x - a +1 whip of electrocution
Armour
 g - a +0 pair of gloves (worn)
 l - a +0 shield
 v - a +1 cloak (worn)
Jewellery
 s - a +4 ring of evasion (left hand)
 E - a +5 ring of protection (right hand)
Wands
 r - a wand of digging (12)
Scrolls
 d - a scroll of blinking {unknown}
 i - a scroll of magic mapping {unknown}
 k - a scroll of recharging {unknown}
 p - 6 scrolls of identify {unknown}
 w - a scroll of remove curse
 y - a scroll of random uselessness {unknown}
 F - a scroll of fog {unknown}
Potions
 f - a potion of flight {unknown}
 j - 3 potions of heal wounds {unknown}
 m - 2 potions of mutation {unknown}
 n - a potion of brilliance {unknown}
 o - a potion of resistance {unknown}
 q - 2 potions of curing {unknown}
 u - a potion of might {unknown}
 D - a potion of agility {unknown}
Books
 a - a book of Flames

   Spells                             Type                      Level
   a - Flame Tongue                   Conjuration/Fire             1
   b - Throw Flame                    Conjuration/Fire             2
   c - Conjure Flame                  Conjuration/Fire             3
   d - Inner Flame                    Hexes/Fire                   3
   e - Sticky Flame                   Conjuration/Fire             4
   f - Fireball                       Conjuration/Fire             5
Comestibles
 b - 6 bread rations
 h - a beef jerky
 z - 2 slices of pizza
 A - 2 fruits
 B - 2 chunks of flesh
 C - 2 meat rations


   Skills:
 + Level 3.4 Dodging
 - Level 1.7 Stealth
 + Level 3.5 Spellcasting
 + Level 3.3 Conjurations
 + Level 4.5 Fire Magic


You had 8 spell levels left.
You knew the following spells:

 Your Spells              Type           Power        Failure   Level  Hunger
a - Flame Tongue          Conj/Fire      ###..        3%          1    None
b - Conjure Flame         Conj/Fire      ###.....     12%         3    ###....


Dungeon Overview and Level Annotations

Branches:
Dungeon (5/15)
 Temple: D:4-7

Altars:
Dithmenos
Nemelex Xobeh
Okawaru
Trog
Vehumet
Xom
The Shining One

Annotations:
D:3 Gravenous's ghost, amateur TeCK
D:4 Prince Ribbit


Innate Abilities, Weirdness & Mutations

Your plain brown scales are hard (AC +6).
Your body does not fit into most forms of armour.
You are cold-blooded and may be slowed by cold attacks.
You have a pair of small antennae on your head.
You have supernaturally acute eyesight.
You are agile. (Dex +2)
Your body sometimes deteriorates upon taking damage.
Your muscles are strong. (Str +2)
You expend magic power (3 MP) to strengthen your wands.


Message History

Read which item? (? for menu, Esc to quit)
As you read the scroll labeled ZAPNOI IXOD, it crumbles to dust.
You feel as if something is helping you.
It was a scroll of remove curse.
Prince Ribbit barely misses you. Prince Ribbit misses you.
Read which item? (? for menu, Esc to quit)
As you read the scroll labeled CEPROK VUONEW, it crumbles to dust.
It is a scroll of enchant weapon.
Enchant which weapon? (? for menu, Esc to quit)
Your +0 whip of electrocution glows red for a moment.
Prince Ribbit barely misses you.
Read which item? (? for menu, Esc to quit)
As you read the scroll labeled BYBRYUSCHUNG, it crumbles to dust.
Forget which spell ([?*] list [ESC] exit)?
Forget which spell ([?*] list [ESC] exit)?
Okay, then.
It was a scroll of amnesia.
Prince Ribbit hits you.
* * * LOW HITPOINT WARNING * * *
Prince Ribbit hits you!
You die...

## ### ### .# ###8###8###
.# ##8...8...8### .#
####.........#### .#
##.#_.........>#.#
.#####..##......@F.##.#
........##8...8...8##.#
.#####..####8###8####.#
.# ##.# ######### #.#
.### #####..#....# #.#
...####....#....### #.#
........#..###....###.#
.#..###...###..##.....#
###.##..###....####...###


You could see Prince Ribbit.

Vanquished Creatures
  A sky beast (D:3)
  A hound (D:4)
  An orc priest (D:3)
  An orc wizard (D:5)
  Natasha (thrice) (D:2)
  5 adders
  A shadow imp (D:5)
  4 worms
  3 giant geckos
  12 orcs
  A ball python (D:4)
  12 bats
  4 giant cockroaches
  11 goblins
  7 hobgoblins
  4 jackals (D:1)
  2 quokkas
  A giant gecko skeleton (D:4)
  3 giant newts
  15 kobolds
  10 rats
102 creatures vanquished.

Notes
Turn   | Place    | Note
--------------------------------------------------------------
     0 | D:1      | root the Draconian Fire Elementalist began the quest for the Orb.
     0 | D:1      | Reached XP level 1. HP: 14/14 MP: 3/3
   325 | D:1      | Reached XP level 2. HP: 20/20 MP: 3/5
  1139 | D:1      | Reached XP level 3. HP: 26/26 MP: 2/6
  2112 | D:2      | Noticed Natasha
  2153 | D:2      | Killed Natasha
  2153 | D:2      | Reached XP level 4. HP: 21/33 MP: 2/8
  2468 | D:2      | Noticed Natasha
  2477 | D:2      | Killed Natasha
  2521 | D:2      | Reached skill level 4 in Fire Magic
  2527 | D:2      | Noticed Natasha
  2529 | D:2      | Killed Natasha
  2660 | D:3      | Noticed a sky beast
  2665 | D:2      | Reached XP level 5. HP: 33/38 MP: 3/9
  2797 | D:3      | Found a shimmering altar of Xom.
  2823 | D:2      | Learned a level 3 spell: Conjure Flame
  3519 | D:3      | Noticed Gravenous's ghost (amateur TeCK)
  3750 | D:3      | Killed a sky beast
  3750 | D:3      | Reached XP level 6. HP: 45/45 MP: 1/10
  3754 | D:3      | Gained mutation: You expend magic power (3 MP) to strengthen your wands. [mutagenic meat]
  3755 | D:3      | Gained mutation: You have a pair of small antennae on your head. [mutagenic meat]
  3756 | D:3      | Gained mutation: You have supernaturally acute eyesight. [mutagenic meat]
  3757 | D:3      | Gained mutation: Your muscles are strong. (Str +2) [mutagenic meat]
  3758 | D:3      | Gained mutation: Your body sometimes deteriorates upon taking damage. [mutagenic meat]
  3759 | D:3      | Gained mutation: You are agile. (Dex +2) [mutagenic meat]
  3997 | D:4      | Found a glowing golden altar of the Shining One.
  4122 | D:3      | Found a radiant altar of Vehumet.
  4222 | D:4      | Found an iron altar of Okawaru.
  4234 | D:4      | Became a worshipper of Warmaster Okawaru
  4508 | D:4      | Found a sparkling altar of Nemelex Xobeh.
  4540 | D:4      | Found a shadowy altar of Dithmenos.
  4617 | D:4      | Noticed a moth of wrath
  4620 | D:4      | Found a bloodstained altar of Trog.
  4890 | D:5      | Entered Level 5 of the Dungeon
  4991 | D:5      | Noticed Prince Ribbit
  5149 | D:4      | Mangled by Prince Ribbit

Action                   |  1- 3 |  4- 6 || total
-------------------------+-------+-------++-------
Melee: Unarmed           |    19 |       ||    19
       Mace              |    20 |    13 ||    33
 Cast: Flame Tongue      |    85 |   130 ||   215
       Conjure Flame     |       |     3 ||     3
  Use: Scroll            |       |     3 ||     3
  Eat: Chunk             |     4 |    17 ||    21
